[ AOE2 MATCH · #478236545 ]
UnrankedBengalis vs Celts
Player's team · LOSS
[ REPLAY ANALYSIS · EXTRACTED FROM THE RECORDED GAME ]
Feudal
10:06
Castle
20:37
Imperial
37:54
| APM avg | 55.9 |
| APM peak | 95 |
| eAPM avg | 30.0 |
| Villagers / military | 244 / 336 |
Focus
⚔️ 47.9% · 🌾 52.1%
Skirmisher ×164 · Archer ×153 · Armored Elephant ×15 · Trebuchet (Packed) ×3 · Spearman ×1
Feudal
9:12
Castle
21:07
Imperial
36:53
| APM avg | 48.2 |
| APM peak | 85 |
| eAPM avg | 20.5 |
| Villagers / military | 141 / 152 |
Focus
⚔️ 34.4% · 🌾 65.6%
Archer ×64 · Skirmisher ×57 · Scorpion ×25 · Trebuchet (Packed) ×4 · Mangonel ×2
Feudal
11:46
Castle
15:51
Imperial
33:47
| APM avg | 86.8 |
| APM peak | 177 |
| eAPM avg | 43.8 |
| Villagers / military | 118 / 5 |
Focus
⚔️ 69.4% · 🌾 30.6%
Unknown (2579) ×216 · Petard ×3 · Trebuchet (Packed) ×2
Feudal
11:52
Castle
15:45
Imperial
37:29
| APM avg | 56.6 |
| APM peak | 101 |
| eAPM avg | 26.9 |
| Villagers / military | 162 / 116 |
Focus
⚔️ 41.8% · 🌾 58.2%
Camel Archer ×113 · Monk ×3
Feudal
10:09
Castle
13:53
Imperial
39:22
| APM avg | 68.3 |
| APM peak | 114 |
| eAPM avg | 28.4 |
| Villagers / military | 164 / 111 |
Focus
⚔️ 30.6% · 🌾 69.4%
War Wagon ×70 · Skirmisher ×33 · Bombard Cannon ×4 · Monk ×2 · Fire Lancer ×2 · Trade Cart ×1
Feudal
9:40
Castle
23:39
Imperial
—
| APM avg | 39.2 |
| APM peak | 108 |
| eAPM avg | 19.8 |
| Villagers / military | 128 / 24 |
Focus
⚔️ 28.4% · 🌾 71.6%
Militia ×15 · Mangonel ×5 · Magyar Huszar ×2 · Monk ×1 · Spearman ×1
Feudal
9:38
Castle
21:02
Imperial
33:55
| APM avg | 47.5 |
| APM peak | 94 |
| eAPM avg | 29.5 |
| Villagers / military | 128 / 103 |
Focus
⚔️ 43.3% · 🌾 56.7%
Knight ×95 · Trade Cart ×18 · Monk ×4 · Scout Cavalry ×4
Feudal
10:56
Castle
14:35
Imperial
33:33
| APM avg | 58.2 |
| APM peak | 110 |
| eAPM avg | 26.6 |
| Villagers / military | 157 / 192 |
Focus
⚔️ 36.2% · 🌾 63.8%
Knight ×192
Match map
Initial resources + every placement click. Lines = walls · curves = elevation contours. ◆ gold · ⬟ stone · ● berries · ✦ relic · ◌ wall gap
Your base· ✓ Closed at 20:37 · 21t walls · 2 gate(s)
kerwin's base· ✓ Closed at 21:07 · 13t walls · 3 gate(s)
Zni.Locuss's base· ✓ Closed at 15:51 · 32t walls · 3 gate(s)
[Ne0] Fidel Castro's base· Open — unwalled flank
rudymagallol's base· Open — 4t gap
[Ne0] Carlos Menem's base· Open — 5t gap
Zni.speedlimit's base· ✓ Closed at 21:02 · 19t walls · 2 gate(s)
[Ne0] Javier Milei's base· ✓ Closed at 14:35 · 7t walls · 2 gate(s)
Smoothed initial terrain · ◌ = detected wall gap · hover for details
Inputs per minute
— [Ne0] Nicolas del Caño - - kerwin
Build order — [Ne0] Nicolas del Caño
First 150 of 663 actions detected
| 0:00 | Create | Villager (Male) |
| 0:01 | Create | Villager (Male) |
| 0:01 | Create | Villager (Male) |
| 0:02 | Build | House |
| 0:03 | Build | House |
| 0:09 | Create | Villager (Male) |
| 0:09 | Create | Villager (Male) |
| 0:09 | Create | Villager (Male) |
| 1:24 | Create | Villager (Male) |
| 1:24 | Create | Villager (Male) |
| 1:57 | Build | Lumber Camp |
| 1:59 | Create | Villager (Male) |
| 2:14 | Create | Villager (Male) |
| 2:14 | Create | Villager (Male) |
| 2:49 | Create | Villager (Male) |
| 2:49 | Create | Villager (Male) |
| 2:49 | Create | Villager (Male) |
| 3:00 | Build | House |
| 3:02 | Create | Villager (Male) |
| 3:37 | Create | Villager (Male) |
| 3:37 | Create | Villager (Male) |
| 3:37 | Create | Villager (Male) |
| 4:01 | Create | Villager (Male) |
| 4:01 | Create | Villager (Male) |
| 4:01 | Create | Villager (Male) |
| 4:11 | Create | Villager (Male) |
| 4:32 | Create | Villager (Male) |
| 4:32 | Create | Villager (Male) |
| 5:07 | Build | Mill |
| 5:08 | Build | House |
| 5:22 | Create | Villager (Male) |
| 5:22 | Create | Villager (Male) |
| 5:22 | Create | Villager (Male) |
| 5:22 | Create | Villager (Male) |
| 6:01 | Create | Villager (Male) |
| 6:20 | Build | Palisade Wall |
| 6:50 | Build | House |
| 7:02 | Build | House |
| 7:09 | Research | Loom |
| 7:51 | Research | Feudal Age |
| 7:51 | Research | Feudal Age |
| 7:51 | Research | Feudal Age |
| 8:06 | Build | Barracks |
| 8:07 | Build | House |
| 8:40 | Create | Villager (Male) |
| 8:40 | Create | Villager (Male) |
| 8:55 | Build | Mining Camp |
| 9:05 | Build | House |
| 9:08 | Build | Palisade Wall |
| 9:26 | Build | Palisade Wall |
| 9:38 | Create | Villager (Male) |
| 10:06 | Age | Feudal Age |
| 10:07 | Build | Archery Range |
| 10:24 | Build | House |
| 10:35 | Create | Villager (Male) |
| 10:44 | Create | Archer |
| 10:44 | Create | Archer |
| 10:44 | Create | Archer |
| 10:44 | Create | Archer |
| 10:45 | Create | Villager (Male) |
| 10:45 | Create | Villager (Male) |
| 11:00 | Research | Double-Bit Axe |
| 11:00 | Research | Double-Bit Axe |
| 11:03 | Research | Horse Collar |
| 11:03 | Research | Horse Collar |
| 11:03 | Research | Horse Collar |
| 11:04 | Create | Villager (Male) |
| 11:18 | Build | Farm |
| 11:24 | Create | Archer |
| 11:24 | Create | Archer |
| 11:24 | Create | Archer |
| 11:24 | Create | Archer |
| 11:26 | Create | Villager (Male) |
| 11:27 | Create | Villager (Male) |
| 11:29 | Create | Archer |
| 11:29 | Create | Archer |
| 11:36 | Build | Farm |
| 11:41 | Build | Palisade Wall |
| 11:45 | Build | Palisade Wall |
| 11:54 | Build | Farm |
| 11:56 | Build | Farm |
| 12:02 | Create | Spearman |
| 12:08 | Build | Farm |
| 12:13 | Create | Villager (Male) |
| 12:22 | Build | Farm |
| 12:24 | Create | Archer |
| 12:24 | Create | Archer |
| 12:42 | Create | Archer |
| 12:48 | Create | Villager (Male) |
| 12:48 | Create | Villager (Male) |
| 13:01 | Create | Villager (Male) |
| 13:01 | Create | Villager (Male) |
| 13:05 | Build | Blacksmith |
| 13:16 | Create | Villager (Male) |
| 13:19 | Build | Farm |
| 13:20 | Build | Farm |
| 13:32 | Create | Villager (Male) |
| 13:32 | Create | Villager (Male) |
| 13:37 | Create | Archer |
| 13:37 | Create | Archer |
| 13:38 | Create | Archer |
| 13:53 | Build | House |
| 13:55 | Create | Villager (Male) |
| 13:56 | Create | Villager (Male) |
| 13:58 | Create | Villager (Male) |
| 14:01 | Create | Villager (Male) |
| 14:01 | Create | Villager (Male) |
| 14:12 | Create | Archer |
| 14:12 | Create | Archer |
| 14:12 | Create | Archer |
| 14:13 | Create | Villager (Male) |
| 14:14 | Create | Villager (Male) |
| 14:14 | Create | Villager (Male) |
| 14:15 | Build | Farm |
| 14:15 | Build | Farm |
| 14:15 | Build | Farm |
| 14:15 | Build | Farm |
| 14:15 | Build | Farm |
| 14:16 | Build | Farm |
| 14:16 | Build | Farm |
| 14:23 | Build | House |
| 14:27 | Create | Villager (Male) |
| 14:27 | Create | Villager (Male) |
| 14:27 | Create | Villager (Male) |
| 14:42 | Create | Villager (Male) |
| 14:47 | Create | Villager (Male) |
| 14:47 | Create | Villager (Male) |
| 14:47 | Create | Villager (Male) |
| 14:58 | Build | Farm |
| 14:59 | Build | Farm |
| 14:59 | Build | Farm |
| 15:01 | Create | Archer |
| 15:01 | Create | Archer |
| 15:18 | Build | Farm |
| 15:21 | Create | Villager (Male) |
| 15:21 | Create | Villager (Male) |
| 15:28 | Create | Villager (Male) |
| 15:43 | Create | Archer |
| 15:43 | Create | Archer |
| 15:45 | Build | Farm |
| 16:08 | Build | Mining Camp |
| 16:11 | Build | House |
| 16:15 | Build | House |
| 16:16 | Build | House |
| 16:47 | Build | Lumber Camp |
| 16:59 | Build | House |
| 17:35 | Build | House |
| 17:36 | Build | House |
| 17:39 | Build | Palisade Wall |
| 17:57 | Research | Castle Age |
Build order — kerwin
First 150 of 466 actions detected
| 0:01 | Create | Villager (Male) |
| 0:02 | Build | House |
| 0:03 | Build | House |
| 0:12 | Create | Villager (Male) |
| 0:12 | Create | Villager (Male) |
| 0:13 | Create | Villager (Male) |
| 1:25 | Create | Villager (Male) |
| 1:25 | Create | Villager (Male) |
| 2:04 | Build | Lumber Camp |
| 2:10 | Create | Villager (Male) |
| 2:10 | Create | Villager (Male) |
| 2:11 | Create | Villager (Male) |
| 2:28 | Create | Villager (Male) |
| 2:28 | Create | Villager (Male) |
| 3:00 | Create | Villager (Male) |
| 3:00 | Create | Villager (Male) |
| 3:17 | Build | House |
| 3:20 | Create | Villager (Male) |
| 3:21 | Create | Villager (Male) |
| 3:36 | Build | House |
| 3:37 | Build | House |
| 4:13 | Create | Villager (Male) |
| 4:13 | Create | Villager (Male) |
| 4:13 | Create | Villager (Male) |
| 4:13 | Create | Villager (Male) |
| 4:29 | Create | Villager (Male) |
| 4:29 | Create | Villager (Male) |
| 4:31 | Build | Mill |
| 5:25 | Create | Villager (Male) |
| 5:25 | Create | Villager (Male) |
| 5:47 | Create | Villager (Male) |
| 5:48 | Research | Loom |
| 7:02 | Research | Feudal Age |
| 7:02 | Research | Feudal Age |
| 7:32 | Build | Barracks |
| 7:33 | Build | House |
| 8:09 | Create | Villager (Male) |
| 8:09 | Create | Villager (Male) |
| 8:14 | Build | Palisade Wall |
| 8:15 | Build | Palisade Wall |
| 8:21 | Build | House |
| 8:45 | Build | Mining Camp |
| 9:12 | Age | Feudal Age |
| 9:18 | Build | Archery Range |
| 9:29 | Build | Archery Range |
| 9:37 | Research | Double-Bit Axe |
| 9:38 | Research | Double-Bit Axe |
| 9:39 | Create | Villager (Male) |
| 9:46 | Create | Villager (Male) |
| 10:15 | Create | Villager (Male) |
| 10:30 | Create | Archer |
| 10:33 | Build | Blacksmith |
| 10:41 | Build | House |
| 10:43 | Build | House |
| 10:45 | Build | Palisade Wall |
| 10:53 | Create | Archer |
| 10:54 | Create | Villager (Male) |
| 11:03 | Create | Villager (Male) |
| 11:09 | Create | Archer |
| 11:20 | Build | Palisade Wall |
| 11:25 | Build | Palisade Gate |
| 11:35 | Build | Mill |
| 11:38 | Create | Archer |
| 11:38 | Create | Archer |
| 11:58 | Create | Villager (Male) |
| 12:17 | Create | Villager (Male) |
| 12:36 | Create | Villager (Male) |
| 12:36 | Create | Archer |
| 12:37 | Create | Archer |
| 13:01 | Create | Archer |
| 13:03 | Create | Villager (Male) |
| 13:03 | Create | Villager (Male) |
| 13:24 | Build | Farm |
| 13:25 | Build | Farm |
| 13:39 | Build | Farm |
| 13:40 | Build | Farm |
| 13:41 | Build | Farm |
| 13:42 | Build | Farm |
| 13:43 | Build | Farm |
| 13:45 | Create | Villager (Male) |
| 14:03 | Build | House |
| 14:03 | Build | House |
| 14:17 | Create | Villager (Male) |
| 14:19 | Research | Horse Collar |
| 14:19 | Research | Horse Collar |
| 14:33 | Create | Villager (Male) |
| 14:45 | Build | Farm |
| 14:51 | Build | Farm |
| 15:07 | Create | Villager (Male) |
| 15:16 | Build | House |
| 15:19 | Build | Palisade Wall |
| 15:25 | Build | House |
| 15:30 | Create | Villager (Male) |
| 15:37 | Build | Farm |
| 15:42 | Build | Farm |
| 15:48 | Create | Villager (Male) |
| 16:00 | Create | Villager (Male) |
| 16:03 | Build | Palisade Wall |
| 16:27 | Build | Market |
| 16:41 | Create | Villager (Male) |
| 16:47 | Build | House |
| 17:05 | Research | Wheelbarrow |
| 17:05 | Research | Wheelbarrow |
| 17:11 | Build | House |
| 17:37 | Create | Archer |
| 17:37 | Create | Archer |
| 18:07 | Create | Archer |
| 18:07 | Create | Archer |
| 18:22 | Research | Castle Age |
| 18:23 | Research | Castle Age |
| 18:30 | Create | Archer |
| 18:30 | Create | Archer |
| 18:46 | Research | Fletching |
| 18:47 | Research | Fletching |
| 19:13 | Build | House |
| 19:15 | Build | House |
| 19:28 | Research | Padded Archer Armor |
| 19:29 | Research | Padded Archer Armor |
| 19:29 | Create | Archer |
| 19:30 | Create | Archer |
| 20:13 | Create | Archer |
| 20:13 | Create | Archer |
| 20:16 | Research | Gold Mining |
| 20:49 | Create | Archer |
| 20:49 | Create | Archer |
| 21:00 | Create | Villager (Male) |
| 21:00 | Create | Villager (Male) |
| 21:07 | Age | Castle Age |
| 21:10 | Research | Crossbowman (upgrade) |
| 21:10 | Research | Bodkin Arrow |
| 21:11 | Research | Bodkin Arrow |
| 21:23 | Research | Bow Saw |
| 21:23 | Research | Bow Saw |
| 21:47 | Create | Villager (Male) |
| 22:09 | Create | Villager (Male) |
| 22:17 | Build | Town Center |
| 22:27 | Create | Villager (Male) |
| 22:29 | Build | Town Center |
| 22:43 | Create | Archer |
| 22:44 | Create | Archer |
| 22:44 | Create | Archer |
| 22:48 | Create | Villager (Male) |
| 22:49 | Create | Villager (Male) |
| 23:00 | Build | University |
| 23:02 | Create | Villager (Male) |
| 23:02 | Create | Villager (Male) |
| 23:12 | Research | Leather Archer Armor |
| 23:16 | Create | Villager (Male) |
| 23:19 | Build | Farm |
| 23:20 | Build | Farm |
Build order — Zni.Locuss
First 150 of 431 actions detected
| 0:01 | Create | Villager (Male) |
| 0:02 | Build | House |
| 0:07 | Build | House |
| 0:12 | Create | Villager (Male) |
| 0:12 | Create | Villager (Male) |
| 0:12 | Create | Villager (Male) |
| 1:06 | Create | Villager (Male) |
| 1:28 | Create | Villager (Male) |
| 1:28 | Create | Villager (Male) |
| 1:59 | Create | Villager (Male) |
| 2:01 | Build | Settlement |
| 2:19 | Create | Villager (Male) |
| 2:19 | Create | Villager (Male) |
| 2:52 | Create | Villager (Male) |
| 2:52 | Create | Villager (Male) |
| 3:26 | Create | Villager (Male) |
| 3:26 | Create | Villager (Male) |
| 3:49 | Create | Villager (Male) |
| 3:49 | Create | Villager (Male) |
| 4:17 | Build | Palisade Wall |
| 4:21 | Build | Palisade Gate |
| 4:25 | Build | Palisade Wall |
| 4:26 | Build | Palisade Wall |
| 4:28 | Build | Palisade Wall |
| 4:34 | Create | Villager (Male) |
| 4:34 | Create | Villager (Male) |
| 4:55 | Build | House |
| 5:08 | Create | Villager (Male) |
| 5:14 | Build | Outpost |
| 5:22 | Build | Palisade Gate |
| 5:25 | Build | Palisade Wall |
| 5:30 | Create | Villager (Male) |
| 6:03 | Create | Villager (Male) |
| 6:07 | Build | Settlement |
| 6:22 | Create | Villager (Male) |
| 6:46 | Create | Villager (Male) |
| 6:58 | Build | Outpost |
| 7:10 | Create | Villager (Male) |
| 7:40 | Create | Villager (Male) |
| 7:47 | Build | Settlement |
| 7:57 | Create | Villager (Male) |
| 8:25 | Create | Villager (Male) |
| 8:56 | Create | Villager (Male) |
| 9:12 | Build | Farm |
| 9:21 | Build | Settlement |
| 9:25 | Research | Feudal Age |
| 10:44 | Build | Farm |
| 10:47 | Build | Farm |
| 10:49 | Create | Villager (Male) |
| 10:49 | Create | Villager (Male) |
| 11:46 | Age | Feudal Age |
| 11:49 | Build | Market |
| 11:51 | Build | Blacksmith |
| 12:33 | Create | Villager (Male) |
| 13:05 | Build | Farm |
| 13:11 | Research | Castle Age |
| 13:38 | Build | Farm |
| 14:06 | Research | Double-Bit Axe |
| 14:06 | Research | Double-Bit Axe |
| 14:42 | Research | Horse Collar |
| 15:08 | Research | Fletching |
| 15:11 | Create | Villager (Male) |
| 15:18 | Build | Outpost |
| 15:51 | Age | Castle Age |
| 15:54 | Build | Castle |
| 16:05 | Create | Villager (Male) |
| 16:09 | Research | Bodkin Arrow |
| 16:09 | Research | Bodkin Arrow |
| 16:17 | Create | Villager (Male) |
| 16:19 | Build | Farm |
| 16:20 | Build | Farm |
| 16:21 | Build | Farm |
| 16:23 | Build | Farm |
| 16:42 | Create | Villager (Male) |
| 16:57 | Create | Unit 2579 |
| 16:58 | Create | Unit 2579 |
| 16:58 | Create | Unit 2579 |
| 16:59 | Create | Unit 2579 |
| 17:11 | Create | Villager (Male) |
| 17:17 | Build | Town Center |
| 17:30 | Create | Unit 2579 |
| 17:32 | Create | Villager (Male) |
| 17:50 | Create | Unit 2579 |
| 17:58 | Build | Farm |
| 17:58 | Create | Villager (Male) |
| 18:06 | Create | Unit 2579 |
| 18:23 | Create | Unit 2579 |
| 18:28 | Create | Villager (Male) |
| 18:42 | Create | Villager (Male) |
| 18:42 | Create | Villager (Male) |
| 18:46 | Create | Unit 2579 |
| 18:52 | Create | Villager (Male) |
| 19:06 | Create | Unit 2579 |
| 19:28 | Create | Villager (Male) |
| 19:30 | Create | Villager (Male) |
| 19:30 | Create | Villager (Male) |
| 19:31 | Build | Farm |
| 19:32 | Build | Farm |
| 19:34 | Build | Farm |
| 19:40 | Build | University |
| 19:46 | Create | Unit 2579 |
| 19:47 | Create | Unit 2579 |
| 19:54 | Create | Villager (Male) |
| 20:00 | Build | Farm |
| 20:01 | Create | Villager (Male) |
| 20:13 | Build | House |
| 20:13 | Build | House |
| 20:27 | Create | Petard |
| 20:27 | Create | Petard |
| 20:31 | Create | Petard |
| 20:38 | Build | Farm |
| 20:39 | Build | Farm |
| 20:42 | Create | Villager (Male) |
| 20:42 | Create | Villager (Male) |
| 20:57 | Create | Unit 2579 |
| 21:06 | Create | Villager (Male) |
| 21:06 | Create | Villager (Male) |
| 21:09 | Build | Farm |
| 21:30 | Create | Unit 2579 |
| 21:30 | Create | Unit 2579 |
| 21:31 | Create | Unit 2579 |
| 21:38 | Create | Villager (Male) |
| 21:39 | Create | Villager (Male) |
| 21:52 | Research | Ballistics |
| 21:56 | Create | Villager (Male) |
| 21:57 | Create | Villager (Male) |
| 22:00 | Create | Villager (Male) |
| 22:01 | Build | Farm |
| 22:19 | Create | Unit 2579 |
| 22:20 | Create | Unit 2579 |
| 23:06 | Create | Unit 2579 |
| 23:06 | Create | Unit 2579 |
| 23:08 | Create | Unit 2579 |
| 23:16 | Create | Villager (Male) |
| 23:16 | Create | Villager (Male) |
| 23:17 | Create | Villager (Male) |
| 23:17 | Create | Villager (Male) |
| 23:18 | Research | Padded Archer Armor |
| 23:19 | Research | Padded Archer Armor |
| 23:20 | Build | House |
| 23:21 | Build | House |
| 23:24 | Create | Villager (Male) |
| 23:26 | Build | Town Center |
| 23:29 | Build | Farm |
| 23:31 | Create | Unit 2579 |
| 23:32 | Create | Unit 2579 |
| 23:40 | Build | House |
| 23:41 | Build | House |
| 23:46 | Create | Unit 2579 |
| 24:10 | Create | Unit 2579 |
Build order — [Ne0] Fidel Castro
First 150 of 459 actions detected
| 0:01 | Create | Villager (Male) |
| 0:01 | Create | Villager (Male) |
| 0:02 | Build | House |
| 0:04 | Build | House |
| 0:10 | Create | Villager (Male) |
| 0:11 | Create | Villager (Male) |
| 0:11 | Create | Villager (Male) |
| 1:36 | Create | Villager (Male) |
| 1:36 | Create | Villager (Male) |
| 1:36 | Create | Villager (Male) |
| 1:46 | Build | Lumber Camp |
| 1:59 | Create | Villager (Male) |
| 2:14 | Create | Villager (Male) |
| 2:45 | Create | Villager (Male) |
| 2:46 | Create | Villager (Male) |
| 2:46 | Create | Villager (Male) |
| 3:08 | Create | Villager (Male) |
| 3:08 | Create | Villager (Male) |
| 3:08 | Create | Villager (Male) |
| 3:32 | Create | Villager (Male) |
| 3:33 | Create | Villager (Male) |
| 3:53 | Build | House |
| 4:03 | Create | Villager (Male) |
| 4:03 | Create | Villager (Male) |
| 4:04 | Create | Villager (Male) |
| 4:05 | Build | House |
| 4:30 | Create | Villager (Male) |
| 4:58 | Build | House |
| 5:02 | Create | Villager (Male) |
| 5:03 | Create | Villager (Male) |
| 5:29 | Create | Villager (Male) |
| 5:30 | Create | Villager (Male) |
| 5:37 | Create | Villager (Male) |
| 5:42 | Create | Villager (Male) |
| 5:43 | Create | Villager (Male) |
| 6:39 | Create | Villager (Male) |
| 6:57 | Create | Villager (Male) |
| 7:08 | Create | Villager (Male) |
| 7:13 | Build | Mill |
| 7:58 | Build | Farm |
| 8:02 | Create | Villager (Male) |
| 8:07 | Build | Mining Camp |
| 8:11 | Create | Villager (Male) |
| 8:42 | Create | Villager (Male) |
| 8:45 | Build | Mining Camp |
| 8:57 | Research | Loom |
| 9:16 | Research | Feudal Age |
| 9:28 | Build | Palisade Wall |
| 9:29 | Build | Palisade Wall |
| 9:30 | Build | Palisade Wall |
| 9:35 | Build | Palisade Wall |
| 9:36 | Build | Palisade Wall |
| 9:36 | Build | Palisade Wall |
| 9:46 | Build | Palisade Wall |
| 9:50 | Build | Palisade Wall |
| 9:51 | Build | Palisade Wall |
| 10:02 | Build | Farm |
| 10:29 | Build | Farm |
| 10:36 | Create | Villager (Male) |
| 10:37 | Create | Villager (Male) |
| 10:54 | Build | Palisade Wall |
| 11:52 | Age | Feudal Age |
| 11:57 | Build | Market |
| 12:00 | Build | Blacksmith |
| 13:05 | Research | Castle Age |
| 13:05 | Research | Castle Age |
| 13:06 | Research | Castle Age |
| 14:01 | Create | Villager (Male) |
| 15:27 | Research | Double-Bit Axe |
| 15:45 | Age | Castle Age |
| 15:53 | Build | Castle |
| 15:56 | Create | Villager (Male) |
| 15:58 | Research | Bow Saw |
| 16:00 | Research | Fletching |
| 16:14 | Build | Monastery |
| 16:16 | Create | Villager (Male) |
| 16:40 | Build | House |
| 16:48 | Build | House |
| 17:05 | Build | Town Center |
| 17:08 | Create | Monk |
| 17:11 | Create | Villager (Male) |
| 17:12 | Create | Villager (Male) |
| 17:16 | Build | House |
| 17:17 | Build | House |
| 17:24 | Research | Bodkin Arrow |
| 17:25 | Create | Villager (Male) |
| 17:25 | Create | Villager (Male) |
| 17:25 | Create | Villager (Male) |
| 17:28 | Build | Farm |
| 17:29 | Build | Farm |
| 17:49 | Create | Camel Archer |
| 17:49 | Create | Camel Archer |
| 17:50 | Create | Villager (Male) |
| 17:50 | Create | Villager (Male) |
| 17:51 | Create | Villager (Male) |
| 18:13 | Create | Camel Archer |
| 18:13 | Create | Camel Archer |
| 18:21 | Create | Villager (Male) |
| 18:21 | Create | Villager (Male) |
| 18:31 | Build | House |
| 18:35 | Create | Camel Archer |
| 18:37 | Create | Villager (Male) |
| 18:37 | Create | Villager (Male) |
| 18:40 | Build | Farm |
| 18:43 | Build | House |
| 18:44 | Build | House |
| 18:55 | Create | Villager (Male) |
| 18:56 | Create | Villager (Male) |
| 19:06 | Create | Camel Archer |
| 19:06 | Create | Camel Archer |
| 19:08 | Create | Villager (Male) |
| 19:08 | Create | Villager (Male) |
| 19:09 | Build | Farm |
| 19:17 | Build | House |
| 19:30 | Create | Camel Archer |
| 19:30 | Create | Camel Archer |
| 19:47 | Build | Farm |
| 19:49 | Create | Villager (Male) |
| 19:49 | Create | Villager (Male) |
| 19:53 | Create | Monk |
| 19:56 | Build | House |
| 20:14 | Create | Villager (Male) |
| 20:47 | Create | Camel Archer |
| 20:47 | Create | Camel Archer |
| 20:52 | Create | Villager (Male) |
| 20:52 | Create | Villager (Male) |
| 20:56 | Build | House |
| 21:00 | Build | Farm |
| 21:01 | Build | Farm |
| 21:02 | Build | Farm |
| 21:06 | Create | Camel Archer |
| 21:06 | Create | Camel Archer |
| 21:08 | Create | Villager (Male) |
| 21:31 | Create | Camel Archer |
| 21:31 | Create | Camel Archer |
| 21:37 | Create | Villager (Male) |
| 21:37 | Create | Villager (Male) |
| 21:59 | Build | Farm |
| 22:15 | Create | Camel Archer |
| 22:15 | Create | Camel Archer |
| 22:16 | Create | Villager (Male) |
| 22:16 | Create | Villager (Male) |
| 22:27 | Create | Villager (Male) |
| 22:27 | Create | Villager (Male) |
| 22:27 | Create | Villager (Male) |
| 22:32 | Create | Camel Archer |
| 22:32 | Create | Camel Archer |
| 22:33 | Create | Villager (Male) |
| 22:34 | Build | Farm |
| 22:35 | Build | Farm |
Build order — rudymagallol
First 150 of 459 actions detected
| 0:01 | Create | Villager (Male) |
| 0:01 | Create | Villager (Male) |
| 0:01 | Create | Villager (Male) |
| 0:02 | Build | House |
| 0:03 | Build | House |
| 0:20 | Create | Villager (Male) |
| 1:29 | Create | Villager (Male) |
| 1:29 | Create | Villager (Male) |
| 2:04 | Create | Villager (Male) |
| 2:04 | Create | Villager (Male) |
| 2:24 | Create | Villager (Male) |
| 2:25 | Create | Villager (Male) |
| 2:25 | Create | Villager (Male) |
| 2:39 | Build | Lumber Camp |
| 2:44 | Create | Villager (Male) |
| 2:44 | Create | Villager (Male) |
| 3:33 | Create | Villager (Male) |
| 3:36 | Create | Villager (Male) |
| 3:36 | Create | Villager (Male) |
| 3:49 | Create | Villager (Male) |
| 3:49 | Create | Villager (Male) |
| 4:07 | Build | House |
| 4:21 | Create | Villager (Male) |
| 4:34 | Build | House |
| 4:54 | Create | Villager (Male) |
| 4:54 | Create | Villager (Male) |
| 4:54 | Create | Villager (Male) |
| 5:13 | Create | Villager (Male) |
| 5:17 | Build | Mill |
| 5:53 | Create | Villager (Male) |
| 5:53 | Create | Villager (Male) |
| 6:10 | Create | Villager (Male) |
| 6:54 | Build | Mining Camp |
| 7:36 | Build | Mill |
| 7:59 | Research | Feudal Age |
| 7:59 | Research | Feudal Age |
| 8:57 | Create | Villager (Male) |
| 8:57 | Create | Villager (Male) |
| 10:09 | Age | Feudal Age |
| 10:11 | Build | Market |
| 10:33 | Build | Blacksmith |
| 11:13 | Research | Castle Age |
| 11:18 | Build | House |
| 11:41 | Build | House |
| 11:42 | Build | Palisade Wall |
| 12:33 | Research | Double-Bit Axe |
| 12:34 | Research | Double-Bit Axe |
| 12:34 | Research | Double-Bit Axe |
| 13:32 | Create | Villager (Male) |
| 13:53 | Age | Castle Age |
| 13:55 | Build | Castle |
| 14:05 | Research | Bow Saw |
| 14:05 | Research | Bow Saw |
| 14:06 | Create | Villager (Male) |
| 14:21 | Build | Farm |
| 14:32 | Create | Villager (Male) |
| 14:50 | Build | Farm |
| 14:54 | Build | Farm |
| 15:07 | Create | Villager (Male) |
| 15:23 | Create | War Wagon |
| 15:23 | Create | War Wagon |
| 15:34 | Create | Villager (Male) |
| 15:55 | Create | War Wagon |
| 15:55 | Create | War Wagon |
| 15:57 | Create | Villager (Male) |
| 15:58 | Create | Villager (Male) |
| 16:10 | Create | Villager (Male) |
| 16:10 | Create | Villager (Male) |
| 16:16 | Build | Mining Camp |
| 16:35 | Create | Villager (Male) |
| 16:38 | Create | War Wagon |
| 16:56 | Build | House |
| 16:58 | Build | House |
| 17:17 | Build | Farm |
| 17:17 | Create | Villager (Male) |
| 17:18 | Create | Villager (Male) |
| 17:25 | Create | War Wagon |
| 17:56 | Build | Farm |
| 17:57 | Research | Fletching |
| 17:58 | Research | Fletching |
| 18:23 | Create | War Wagon |
| 18:23 | Create | War Wagon |
| 18:31 | Create | Villager (Male) |
| 18:31 | Create | Villager (Male) |
| 18:43 | Create | War Wagon |
| 18:43 | Create | War Wagon |
| 19:02 | Create | War Wagon |
| 19:02 | Create | War Wagon |
| 19:32 | Build | Farm |
| 19:40 | Research | Bodkin Arrow |
| 19:43 | Create | War Wagon |
| 19:44 | Create | War Wagon |
| 19:44 | Create | Villager (Male) |
| 19:44 | Create | Villager (Male) |
| 20:07 | Create | War Wagon |
| 20:15 | Build | Farm |
| 20:15 | Create | Villager (Male) |
| 20:16 | Create | Villager (Male) |
| 20:16 | Create | Villager (Male) |
| 20:16 | Create | Villager (Male) |
| 20:39 | Create | War Wagon |
| 20:39 | Create | War Wagon |
| 20:39 | Create | War Wagon |
| 20:55 | Build | House |
| 20:57 | Build | House |
| 21:01 | Build | Gate |
| 21:03 | Build | House |
| 21:03 | Create | Villager (Male) |
| 21:03 | Create | Villager (Male) |
| 21:05 | Build | Stone Wall |
| 21:06 | Create | Villager (Male) |
| 21:06 | Create | Villager (Male) |
| 21:08 | Create | War Wagon |
| 21:08 | Create | War Wagon |
| 21:14 | Build | House |
| 21:18 | Build | Stone Wall |
| 21:19 | Build | Stone Wall |
| 21:20 | Build | House |
| 21:24 | Build | Gate |
| 21:29 | Create | Villager (Male) |
| 21:31 | Build | House |
| 21:34 | Build | Gate |
| 21:36 | Build | House |
| 21:40 | Build | Stone Wall |
| 21:46 | Build | Stone Wall |
| 22:07 | Create | Villager (Male) |
| 22:15 | Create | War Wagon |
| 22:21 | Create | Villager (Male) |
| 22:57 | Build | Town Center |
| 23:17 | Create | War Wagon |
| 23:19 | Build | Farm |
| 23:32 | Create | Villager (Male) |
| 23:39 | Create | Villager (Male) |
| 23:46 | Create | War Wagon |
| 23:49 | Build | Farm |
| 23:56 | Build | Farm |
| 23:57 | Build | Farm |
| 23:57 | Build | Farm |
| 24:13 | Create | War Wagon |
| 24:21 | Create | Villager (Male) |
| 24:28 | Create | Villager (Male) |
| 24:37 | Create | Villager (Male) |
| 24:38 | Create | Villager (Male) |
| 24:40 | Research | Wheelbarrow |
| 24:40 | Research | Wheelbarrow |
| 25:02 | Create | War Wagon |
| 25:02 | Create | War Wagon |
| 25:17 | Create | War Wagon |
| 25:20 | Build | Farm |
| 25:21 | Create | Villager (Male) |
Build order — [Ne0] Carlos Menem
First 150 of 284 actions detected
| 0:01 | Create | Villager (Male) |
| 0:01 | Create | Villager (Male) |
| 0:02 | Build | House |
| 0:04 | Build | House |
| 0:30 | Create | Villager (Male) |
| 0:31 | Create | Villager (Male) |
| 1:29 | Create | Villager (Male) |
| 1:30 | Create | Villager (Male) |
| 1:54 | Build | Lumber Camp |
| 2:00 | Create | Villager (Male) |
| 2:01 | Create | Villager (Male) |
| 2:24 | Create | Villager (Male) |
| 2:25 | Create | Villager (Male) |
| 2:41 | Create | Villager (Male) |
| 3:06 | Create | Villager (Male) |
| 3:06 | Create | Villager (Male) |
| 3:28 | Build | House |
| 3:36 | Create | Villager (Male) |
| 3:36 | Create | Villager (Male) |
| 3:57 | Create | Villager (Male) |
| 3:58 | Create | Villager (Male) |
| 4:12 | Build | Mill |
| 4:19 | Create | Villager (Male) |
| 4:20 | Create | Villager (Male) |
| 4:58 | Create | Villager (Male) |
| 4:58 | Create | Villager (Male) |
| 5:47 | Create | Villager (Male) |
| 5:57 | Build | Barracks |
| 6:07 | Build | House |
| 6:22 | Create | Villager (Male) |
| 6:25 | Create | Villager (Male) |
| 7:04 | Build | House |
| 7:24 | Build | House |
| 7:30 | Research | Feudal Age |
| 7:31 | Research | Loom |
| 7:49 | Create | Militia |
| 7:50 | Create | Militia |
| 8:13 | Create | Militia |
| 8:31 | Create | Militia |
| 8:57 | Build | Mining Camp |
| 9:18 | Create | Villager (Male) |
| 9:25 | Build | Mill |
| 9:40 | Age | Feudal Age |
| 9:48 | Build | Watch Tower |
| 10:01 | Build | Mining Camp |
| 10:05 | Create | Villager (Male) |
| 10:19 | Create | Villager (Male) |
| 10:49 | Research | Man-at-Arms (upgrade) |
| 10:50 | Research | Man-at-Arms (upgrade) |
| 10:50 | Research | Man-at-Arms (upgrade) |
| 11:18 | Create | Villager (Male) |
| 11:27 | Create | Militia |
| 11:47 | Create | Militia |
| 11:57 | Build | Farm |
| 11:59 | Build | Farm |
| 12:03 | Build | Farm |
| 12:26 | Create | Militia |
| 12:48 | Create | Militia |
| 12:58 | Create | Villager (Male) |
| 12:59 | Create | Villager (Male) |
| 13:43 | Create | Militia |
| 13:43 | Create | Villager (Male) |
| 13:43 | Create | Villager (Male) |
| 14:02 | Create | Militia |
| 14:10 | Create | Villager (Male) |
| 14:34 | Create | Militia |
| 14:41 | Build | Farm |
| 14:44 | Create | Villager (Male) |
| 14:44 | Create | Villager (Male) |
| 14:47 | Build | Farm |
| 14:47 | Build | Farm |
| 15:14 | Create | Spearman |
| 15:15 | Create | Villager (Male) |
| 15:17 | Build | Farm |
| 15:20 | Build | Farm |
| 15:21 | Build | Farm |
| 15:22 | Build | Farm |
| 15:25 | Create | Villager (Male) |
| 15:28 | Build | Farm |
| 15:35 | Build | House |
| 15:36 | Build | House |
| 15:43 | Create | Militia |
| 15:53 | Create | Militia |
| 16:01 | Create | Villager (Male) |
| 16:03 | Build | Farm |
| 16:19 | Create | Militia |
| 16:28 | Create | Militia |
| 16:29 | Create | Villager (Male) |
| 16:51 | Build | Gate |
| 16:53 | Create | Villager (Male) |
| 17:08 | Build | Market |
| 17:19 | Create | Villager (Male) |
| 17:33 | Build | Farm |
| 17:35 | Create | Villager (Male) |
| 17:37 | Build | Farm |
| 17:39 | Build | Farm |
| 17:43 | Create | Villager (Male) |
| 18:17 | Research | Double-Bit Axe |
| 18:48 | Create | Villager (Male) |
| 18:49 | Create | Villager (Male) |
| 18:59 | Build | Blacksmith |
| 19:03 | Build | House |
| 19:13 | Build | Palisade Wall |
| 19:15 | Build | Palisade Wall |
| 19:16 | Build | Palisade Wall |
| 19:16 | Build | Palisade Wall |
| 19:33 | Create | Villager (Male) |
| 19:34 | Build | House |
| 19:45 | Build | House |
| 20:06 | Create | Villager (Male) |
| 20:19 | Build | House |
| 20:22 | Create | Villager (Male) |
| 20:26 | Build | Lumber Camp |
| 20:47 | Build | House |
| 20:59 | Research | Castle Age |
| 21:18 | Build | House |
| 21:36 | Build | Farm |
| 22:59 | Build | Lumber Camp |
| 23:14 | Create | Villager (Male) |
| 23:27 | Create | Villager (Male) |
| 23:39 | Age | Castle Age |
| 23:50 | Research | Bow Saw |
| 24:08 | Create | Villager (Male) |
| 24:24 | Build | Town Center |
| 24:35 | Create | Villager (Male) |
| 24:43 | Build | House |
| 24:45 | Build | House |
| 24:48 | Build | House |
| 24:51 | Create | Villager (Male) |
| 24:51 | Create | Villager (Male) |
| 25:05 | Create | Villager (Male) |
| 25:06 | Create | Villager (Male) |
| 25:19 | Research | Fletching |
| 25:20 | Create | Villager (Male) |
| 25:30 | Create | Villager (Male) |
| 25:50 | Create | Villager (Male) |
| 25:59 | Build | Siege Workshop |
| 26:05 | Create | Villager (Male) |
| 26:17 | Create | Villager (Male) |
| 26:36 | Create | Mangonel |
| 26:39 | Create | Villager (Male) |
| 26:58 | Create | Villager (Male) |
| 27:13 | Create | Mangonel |
| 27:20 | Create | Villager (Male) |
| 27:37 | Build | Palisade Wall |
| 27:38 | Build | Palisade Wall |
| 28:00 | Build | Stone Wall |
| 28:02 | Create | Villager (Male) |
| 28:08 | Build | Castle |
| 28:15 | Create | Villager (Male) |
Build order — Zni.speedlimit
First 150 of 459 actions detected
| 0:01 | Create | Villager (Male) |
| 0:02 | Build | House |
| 0:04 | Build | House |
| 0:09 | Create | Villager (Male) |
| 0:09 | Create | Villager (Male) |
| 0:11 | Create | Villager (Male) |
| 0:11 | Create | Villager (Male) |
| 1:24 | Create | Villager (Male) |
| 1:45 | Build | Lumber Camp |
| 2:02 | Create | Villager (Male) |
| 2:21 | Create | Villager (Male) |
| 2:47 | Create | Villager (Male) |
| 3:02 | Create | Villager (Male) |
| 3:36 | Create | Villager (Male) |
| 3:36 | Create | Villager (Male) |
| 3:54 | Build | House |
| 4:10 | Create | Villager (Male) |
| 4:30 | Build | House |
| 4:34 | Create | Villager (Male) |
| 4:58 | Build | House |
| 4:59 | Create | Villager (Male) |
| 5:01 | Create | Villager (Male) |
| 5:21 | Create | Villager (Male) |
| 5:24 | Build | House |
| 5:25 | Build | House |
| 5:31 | Build | Mill |
| 5:56 | Create | Villager (Male) |
| 6:34 | Research | Loom |
| 7:28 | Research | Feudal Age |
| 7:28 | Research | Feudal Age |
| 7:58 | Build | Barracks |
| 8:19 | Build | Palisade Wall |
| 8:38 | Create | Villager (Male) |
| 9:38 | Age | Feudal Age |
| 9:40 | Build | Stable |
| 9:42 | Research | Double-Bit Axe |
| 9:48 | Research | Horse Collar |
| 9:57 | Create | Villager (Male) |
| 10:08 | Build | Palisade Gate |
| 10:11 | Build | Palisade Wall |
| 10:12 | Create | Villager (Male) |
| 10:27 | Build | Watch Tower |
| 10:28 | Create | Villager (Male) |
| 10:32 | Create | Scout Cavalry |
| 10:43 | Build | House |
| 10:46 | Build | Stone Wall |
| 11:11 | Create | Villager (Male) |
| 11:19 | Build | Farm |
| 11:20 | Build | Farm |
| 11:21 | Build | Farm |
| 11:25 | Build | Farm |
| 11:33 | Create | Villager (Male) |
| 11:37 | Build | House |
| 11:39 | Build | House |
| 11:48 | Create | Villager (Male) |
| 11:58 | Create | Scout Cavalry |
| 12:18 | Create | Villager (Male) |
| 12:52 | Create | Villager (Male) |
| 13:22 | Build | Farm |
| 13:25 | Build | Farm |
| 13:27 | Create | Villager (Male) |
| 13:54 | Build | Farm |
| 14:11 | Create | Villager (Male) |
| 14:24 | Build | House |
| 14:26 | Build | House |
| 14:39 | Create | Villager (Male) |
| 14:52 | Build | House |
| 14:58 | Create | Villager (Male) |
| 15:06 | Build | House |
| 15:07 | Build | House |
| 15:17 | Build | Farm |
| 15:23 | Build | Farm |
| 15:27 | Create | Villager (Male) |
| 15:37 | Build | Mining Camp |
| 15:51 | Create | Villager (Male) |
| 15:54 | Build | Lumber Camp |
| 15:59 | Build | Lumber Camp |
| 16:16 | Create | Villager (Male) |
| 16:19 | Research | Town Watch |
| 16:24 | Build | Outpost |
| 16:41 | Create | Villager (Male) |
| 17:08 | Create | Villager (Male) |
| 17:12 | Build | Market |
| 17:35 | Create | Villager (Male) |
| 17:46 | Build | Mining Camp |
| 17:55 | Build | House |
| 17:59 | Build | Stone Wall |
| 18:22 | Research | Castle Age |
| 18:22 | Research | Castle Age |
| 19:32 | Research | Stone Mining |
| 19:35 | Research | Gold Mining |
| 20:00 | Create | Scout Cavalry |
| 20:20 | Build | Farm |
| 20:23 | Build | Farm |
| 20:26 | Build | Farm |
| 20:34 | Build | Farm |
| 20:40 | Create | Scout Cavalry |
| 21:02 | Age | Castle Age |
| 21:04 | Create | Villager (Male) |
| 21:12 | Build | Town Center |
| 21:20 | Build | Monastery |
| 21:27 | Research | Bow Saw |
| 21:36 | Research | Wheelbarrow |
| 21:36 | Research | Wheelbarrow |
| 21:44 | Build | Farm |
| 21:53 | Build | Farm |
| 21:55 | Create | Villager (Male) |
| 21:57 | Create | Monk |
| 22:05 | Create | Villager (Male) |
| 22:19 | Create | Villager (Male) |
| 22:21 | Create | Villager (Male) |
| 22:22 | Create | Villager (Male) |
| 22:33 | Build | Mill |
| 22:46 | Create | Villager (Male) |
| 22:50 | Create | Monk |
| 22:59 | Create | Villager (Male) |
| 23:04 | Build | Town Center |
| 23:16 | Create | Villager (Male) |
| 23:26 | Create | Monk |
| 23:28 | Create | Villager (Male) |
| 23:39 | Create | Villager (Male) |
| 23:55 | Build | Farm |
| 23:58 | Create | Villager (Male) |
| 24:06 | Create | Villager (Male) |
| 24:06 | Create | Villager (Male) |
| 24:08 | Create | Villager (Male) |
| 24:28 | Create | Villager (Male) |
| 24:29 | Create | Villager (Male) |
| 24:34 | Build | Town Center |
| 24:37 | Create | Villager (Male) |
| 24:57 | Research | Fervor |
| 24:58 | Create | Villager (Male) |
| 25:05 | Create | Villager (Male) |
| 25:08 | Create | Villager (Male) |
| 25:14 | Build | Farm |
| 25:15 | Build | Farm |
| 25:22 | Build | Farm |
| 25:23 | Build | Farm |
| 25:24 | Create | Villager (Male) |
| 25:30 | Create | Villager (Male) |
| 25:32 | Create | Villager (Male) |
| 25:37 | Create | Villager (Male) |
| 25:43 | Create | Villager (Male) |
| 25:50 | Create | Monk |
| 25:52 | Create | Villager (Male) |
| 25:55 | Build | Farm |
| 25:57 | Build | Farm |
| 25:58 | Build | Farm |
| 25:59 | Build | Farm |
| 26:01 | Create | Villager (Male) |
Build order — [Ne0] Javier Milei
First 150 of 478 actions detected
| 0:01 | Create | Villager (Male) |
| 0:01 | Create | Villager (Male) |
| 0:02 | Build | House |
| 0:03 | Build | House |
| 0:08 | Create | Villager (Male) |
| 0:08 | Create | Villager (Male) |
| 1:22 | Create | Villager (Male) |
| 1:55 | Build | Lumber Camp |
| 2:00 | Create | Villager (Male) |
| 2:30 | Create | Villager (Male) |
| 2:31 | Create | Villager (Male) |
| 2:44 | Create | Villager (Male) |
| 2:44 | Create | Villager (Male) |
| 3:10 | Create | Villager (Male) |
| 3:24 | Build | House |
| 3:37 | Create | Villager (Male) |
| 3:58 | Create | Villager (Male) |
| 4:09 | Create | Villager (Male) |
| 4:11 | Create | Villager (Male) |
| 4:17 | Build | Mill |
| 4:54 | Create | Villager (Male) |
| 5:30 | Create | Villager (Male) |
| 5:53 | Build | House |
| 5:57 | Create | Villager (Male) |
| 6:22 | Create | Villager (Male) |
| 6:52 | Create | Villager (Male) |
| 6:55 | Create | Villager (Male) |
| 6:55 | Create | Villager (Male) |
| 7:07 | Create | Villager (Male) |
| 7:56 | Research | Feudal Age |
| 8:20 | Build | Barracks |
| 8:44 | Build | Mining Camp |
| 8:54 | Build | House |
| 9:50 | Create | Villager (Male) |
| 9:50 | Create | Villager (Male) |
| 10:56 | Age | Feudal Age |
| 11:00 | Build | Blacksmith |
| 11:07 | Build | Stable |
| 11:55 | Research | Castle Age |
| 11:55 | Research | Castle Age |
| 11:57 | Build | House |
| 12:04 | Research | Double-Bit Axe |
| 12:07 | Build | Farm |
| 12:08 | Build | Farm |
| 12:10 | Build | Farm |
| 12:13 | Build | House |
| 12:48 | Build | House |
| 12:53 | Build | Farm |
| 12:55 | Build | Farm |
| 13:02 | Build | Farm |
| 13:15 | Build | Farm |
| 13:17 | Build | House |
| 13:20 | Build | House |
| 13:29 | Build | Farm |
| 13:44 | Build | Farm |
| 13:46 | Research | Scale Barding Armor |
| 13:48 | Build | House |
| 13:57 | Build | Farm |
| 14:02 | Build | Palisade Wall |
| 14:04 | Build | House |
| 14:07 | Build | Palisade Wall |
| 14:09 | Create | Villager (Male) |
| 14:16 | Build | Farm |
| 14:35 | Age | Castle Age |
| 14:35 | Create | Knight |
| 14:35 | Create | Knight |
| 14:55 | Create | Villager (Male) |
| 15:06 | Create | Knight |
| 15:22 | Build | Town Center |
| 15:26 | Create | Villager (Male) |
| 15:33 | Build | Farm |
| 15:48 | Create | Knight |
| 15:48 | Create | Knight |
| 15:51 | Create | Villager (Male) |
| 16:00 | Create | Villager (Male) |
| 16:24 | Create | Villager (Male) |
| 16:39 | Build | Town Center |
| 16:40 | Create | Villager (Male) |
| 16:41 | Create | Villager (Male) |
| 16:56 | Create | Villager (Male) |
| 17:10 | Create | Villager (Male) |
| 17:14 | Build | Farm |
| 17:23 | Create | Villager (Male) |
| 17:35 | Create | Villager (Male) |
| 17:48 | Create | Villager (Male) |
| 18:00 | Build | Farm |
| 18:08 | Create | Villager (Male) |
| 18:10 | Create | Knight |
| 18:19 | Build | Farm |
| 18:24 | Build | Farm |
| 18:25 | Build | Farm |
| 18:27 | Build | Farm |
| 18:28 | Build | Farm |
| 18:31 | Create | Villager (Male) |
| 18:31 | Create | Villager (Male) |
| 18:38 | Build | Farm |
| 18:42 | Create | Knight |
| 19:06 | Create | Villager (Male) |
| 19:06 | Create | Villager (Male) |
| 19:15 | Create | Villager (Male) |
| 19:31 | Build | Mill |
| 19:32 | Build | Farm |
| 19:32 | Build | Farm |
| 19:32 | Build | Farm |
| 19:35 | Create | Villager (Male) |
| 19:36 | Create | Knight |
| 19:43 | Create | Villager (Male) |
| 19:43 | Create | Villager (Male) |
| 19:50 | Create | Villager (Male) |
| 19:50 | Create | Villager (Male) |
| 20:01 | Create | Villager (Male) |
| 20:09 | Create | Villager (Male) |
| 20:18 | Create | Knight |
| 20:18 | Create | Knight |
| 20:26 | Build | Lumber Camp |
| 20:31 | Create | Villager (Male) |
| 20:31 | Create | Villager (Male) |
| 20:37 | Create | Villager (Male) |
| 20:37 | Create | Villager (Male) |
| 20:39 | Build | Farm |
| 20:40 | Build | Farm |
| 20:44 | Build | Farm |
| 20:54 | Create | Knight |
| 20:55 | Create | Villager (Male) |
| 21:09 | Create | Villager (Male) |
| 21:13 | Create | Knight |
| 21:14 | Create | Knight |
| 21:19 | Create | Villager (Male) |
| 21:29 | Create | Villager (Male) |
| 21:53 | Research | Chain Barding Armor |
| 21:53 | Research | Chain Barding Armor |
| 21:53 | Research | Chain Barding Armor |
| 22:06 | Create | Villager (Male) |
| 22:21 | Create | Knight |
| 22:21 | Create | Knight |
| 22:33 | Create | Knight |
| 22:34 | Create | Knight |
| 22:34 | Create | Villager (Male) |
| 22:47 | Create | Villager (Male) |
| 22:58 | Create | Knight |
| 23:00 | Create | Villager (Male) |
| 23:05 | Build | Stable |
| 23:09 | Build | Stable |
| 23:23 | Create | Villager (Male) |
| 23:24 | Create | Villager (Male) |
| 23:24 | Create | Villager (Male) |
| 23:25 | Build | House |
| 23:26 | Build | House |
| 23:36 | Build | Castle |
| 23:36 | Build | Mining Camp |
Match timeline
| 4:17 | Zni.Locuss · wall_segment Palisade Wall x6 |
| 4:25 | Zni.Locuss · wall_segment Palisade Wall x10 |
| 4:26 | Zni.Locuss · wall_segment Palisade Wall x5 |
| 4:28 | Zni.Locuss · wall_segment Palisade Wall x8 |
| 5:25 | Zni.Locuss · wall_segment Palisade Wall x6 |
| 5:57 | [Ne0] Carlos Menem · first_building Barracks |
| 6:20 | [Ne0] Nicolas del Caño · wall_segment Palisade Wall x1 |
| 7:32 | kerwin · first_building Barracks |
| 7:58 | Zni.speedlimit · first_building Barracks |
| 8:06 | [Ne0] Nicolas del Caño · first_building Barracks |
| 8:14 | kerwin · wall_segment Palisade Wall x1 |
| 8:15 | kerwin · wall_segment Palisade Wall x1 |
| 8:19 | Zni.speedlimit · wall_segment Palisade Wall x16 |
| 8:20 | [Ne0] Javier Milei · first_building Barracks |
| 9:08 | [Ne0] Nicolas del Caño · wall_segment Palisade Wall x12 |
| 9:12 | kerwin · age_up feudal |
| 9:18 | kerwin · first_building Archery Range |
| 9:26 | [Ne0] Nicolas del Caño · wall_segment Palisade Wall x10 |
| 9:28 | [Ne0] Fidel Castro · wall_segment Palisade Wall x1 |
| 9:29 | [Ne0] Fidel Castro · wall_segment Palisade Wall x1 |
| 9:30 | [Ne0] Fidel Castro · wall_segment Palisade Wall x1 |
| 9:35 | [Ne0] Fidel Castro · wall_segment Palisade Wall x1 |
| 9:36 | [Ne0] Fidel Castro · wall_segment Palisade Wall x1 |
| 9:36 | [Ne0] Fidel Castro · wall_segment Palisade Wall x1 |
| 9:38 | Zni.speedlimit · age_up feudal |
| 9:40 | Zni.speedlimit · first_building Stable |
| 9:40 | [Ne0] Carlos Menem · age_up feudal |
| 9:46 | [Ne0] Fidel Castro · wall_segment Palisade Wall x1 |
| 9:50 | [Ne0] Fidel Castro · wall_segment Palisade Wall x1 |
| 9:51 | [Ne0] Fidel Castro · wall_segment Palisade Wall x1 |
| 10:06 | [Ne0] Nicolas del Caño · age_up feudal |
| 10:07 | [Ne0] Nicolas del Caño · first_building Archery Range |
| 10:09 | rudymagallol · age_up feudal |
| 10:11 | Zni.speedlimit · wall_segment Palisade Wall x1 |
| 10:45 | kerwin · wall_segment Palisade Wall x7 |
| 10:46 | Zni.speedlimit · wall_segment Stone Wall x1 |
| 10:54 | [Ne0] Fidel Castro · wall_segment Palisade Wall x1 |
| 10:56 | [Ne0] Javier Milei · age_up feudal |
| 10:57 | rudymagallol · first_market_sell 100 stone |
| 10:58 | rudymagallol · first_market_buy 100 food |
| 11:07 | [Ne0] Javier Milei · first_building Stable |
| 11:20 | kerwin · wall_segment Palisade Wall x2 |
| 11:41 | [Ne0] Nicolas del Caño · wall_segment Palisade Wall x1 |
| 11:42 | rudymagallol · wall_segment Palisade Wall x1 |
| 11:45 | [Ne0] Nicolas del Caño · wall_segment Palisade Wall x1 |
| 11:46 | Zni.Locuss · age_up feudal |
| 11:52 | [Ne0] Fidel Castro · age_up feudal |
| 13:00 | [Ne0] Fidel Castro · first_market_sell 100 wood |
| 13:01 | [Ne0] Fidel Castro · first_market_buy 100 food |
| 13:53 | rudymagallol · age_up castle |
| 13:55 | rudymagallol · first_building Castle |
| 14:02 | [Ne0] Javier Milei · wall_segment Palisade Wall x1 |
| 14:07 | [Ne0] Javier Milei · wall_segment Palisade Wall x6 |
| 14:35 | [Ne0] Javier Milei · age_up castle |
| 15:19 | kerwin · wall_segment Palisade Wall x1 |
| 15:45 | [Ne0] Fidel Castro · age_up castle |
| 15:51 | Zni.Locuss · age_up castle |
| 15:53 | [Ne0] Fidel Castro · first_building Castle |
| 15:54 | Zni.Locuss · first_building Castle |
| 16:03 | kerwin · wall_segment Palisade Wall x1 |
| 16:08 | Zni.Locuss · first_market_buy 100 food |
| 16:14 | [Ne0] Fidel Castro · first_building Monastery |
| 17:24 | kerwin · first_market_buy 100 food |
| 17:39 | [Ne0] Nicolas del Caño · wall_segment Palisade Wall x1 |
| 17:59 | Zni.speedlimit · wall_segment Stone Wall x1 |
| 18:04 | Zni.speedlimit · first_market_buy 100 food |
| 19:13 | [Ne0] Carlos Menem · wall_segment Palisade Wall x1 |
| 19:15 | [Ne0] Carlos Menem · wall_segment Palisade Wall x1 |
| 19:16 | [Ne0] Carlos Menem · wall_segment Palisade Wall x1 |
| 19:16 | [Ne0] Carlos Menem · wall_segment Palisade Wall x1 |
| 20:01 | [Ne0] Nicolas del Caño · wall_segment Palisade Wall x1 |
| 20:37 | [Ne0] Nicolas del Caño · age_up castle |
| 21:02 | Zni.speedlimit · age_up castle |
| 21:05 | rudymagallol · wall_segment Stone Wall x1 |
| 21:07 | kerwin · age_up castle |
| 21:18 | rudymagallol · wall_segment Stone Wall x1 |
| 21:19 | rudymagallol · wall_segment Stone Wall x1 |
| 21:20 | Zni.speedlimit · first_building Monastery |
| 21:40 | rudymagallol · wall_segment Stone Wall x1 |
| 21:40 | Zni.Locuss · first_market_sell 100 stone |
| 21:46 | rudymagallol · wall_segment Stone Wall x1 |
| 23:36 | [Ne0] Javier Milei · first_building Castle |
| 23:39 | [Ne0] Carlos Menem · age_up castle |
| 24:21 | [Ne0] Carlos Menem · first_market_buy 100 wood |
| 24:34 | [Ne0] Fidel Castro · first_building Barracks |
| 25:59 | [Ne0] Carlos Menem · first_building Siege Workshop |
| 27:11 | [Ne0] Carlos Menem · first_market_sell 100 food |
| 27:29 | Zni.speedlimit · first_building Castle |
| 27:33 | [Ne0] Fidel Castro · first_building Stable |
| 27:37 | [Ne0] Carlos Menem · wall_segment Palisade Wall x1 |
| 27:38 | [Ne0] Carlos Menem · wall_segment Palisade Wall x1 |
| 28:00 | [Ne0] Carlos Menem · wall_segment Stone Wall x9 |
| 28:08 | [Ne0] Carlos Menem · first_building Castle |
| 28:49 | Zni.speedlimit · wall_segment Stone Wall x10 |
| 28:54 | Zni.speedlimit · wall_segment Stone Wall x20 |
| 29:24 | rudymagallol · first_building Barracks |
| 29:36 | Zni.speedlimit · wall_segment Stone Wall x1 |
| 29:38 | Zni.speedlimit · wall_segment Stone Wall x1 |
| 29:39 | Zni.speedlimit · wall_segment Stone Wall x1 |
| 29:39 | rudymagallol · first_building Monastery |
| 29:40 | Zni.speedlimit · wall_segment Stone Wall x1 |
| 29:42 | Zni.speedlimit · wall_segment Stone Wall x1 |
| 29:44 | Zni.speedlimit · wall_segment Stone Wall x1 |
| 30:12 | rudymagallol · first_building Archery Range |
| 30:15 | Zni.speedlimit · wall_segment Stone Wall x1 |
| 30:26 | [Ne0] Fidel Castro · first_building Archery Range |
| 30:33 | Zni.Locuss · first_building Barracks |
| 30:55 | Zni.speedlimit · wall_segment Stone Wall x6 |
| 31:17 | Zni.speedlimit · wall_segment Stone Wall x4 |
| 31:23 | kerwin · first_building Castle |
| 31:36 | [Ne0] Nicolas del Caño · first_market_buy 500 stone |
| 31:38 | [Ne0] Nicolas del Caño · first_building Castle |
| 32:07 | [Ne0] Carlos Menem · first_building Monastery |
| 32:27 | Zni.speedlimit · wall_segment Stone Wall x5 |
| 32:28 | Zni.speedlimit · wall_segment Stone Wall x1 |
| 32:38 | Zni.Locuss · first_building Archery Range |
| 32:40 | kerwin · wall_segment Stone Wall x1 |
| 32:51 | kerwin · first_building Siege Workshop |
| 33:33 | [Ne0] Javier Milei · age_up imperial |
| 33:39 | [Ne0] Javier Milei · first_market_sell 500 wood |
| 33:47 | Zni.Locuss · age_up imperial |
| 33:55 | Zni.speedlimit · age_up imperial |
| 34:28 | [Ne0] Nicolas del Caño · first_market_sell 100 wood |
| 34:52 | [Ne0] Nicolas del Caño · tribute_sent a jugador 1 |
| 34:52 | [Ne0] Nicolas del Caño · tribute_sent a jugador 3 |
| 34:52 | [Ne0] Nicolas del Caño · tribute_sent a jugador 4 |
| 34:52 | [Ne0] Nicolas del Caño · tribute_sent a jugador 5 |
| 34:52 | [Ne0] Nicolas del Caño · tribute_sent a jugador 6 |
| 34:52 | [Ne0] Nicolas del Caño · tribute_sent a jugador 7 |
| 34:52 | [Ne0] Nicolas del Caño · tribute_sent a jugador 8 |
| 35:04 | [Ne0] Carlos Menem · wall_segment Palisade Wall x1 |
| 35:06 | [Ne0] Carlos Menem · wall_segment Palisade Wall x1 |
| 35:07 | [Ne0] Carlos Menem · wall_segment Palisade Wall x1 |
| 36:53 | kerwin · age_up imperial |
| 37:29 | [Ne0] Fidel Castro · age_up imperial |
| 37:54 | [Ne0] Nicolas del Caño · age_up imperial |
| 38:22 | kerwin · first_market_sell 100 wood |
| 38:29 | Zni.Locuss · tribute_sent a jugador 1 |
| 38:29 | Zni.Locuss · tribute_sent a jugador 2 |
| 38:29 | Zni.Locuss · tribute_sent a jugador 4 |
| 38:29 | Zni.Locuss · tribute_sent a jugador 5 |
| 38:29 | Zni.Locuss · tribute_sent a jugador 6 |
| 38:29 | Zni.Locuss · tribute_sent a jugador 7 |
| 38:29 | Zni.Locuss · tribute_sent a jugador 8 |
| 39:21 | rudymagallol · first_building Siege Workshop |
| 39:22 | rudymagallol · age_up imperial |
| 39:26 | [Ne0] Nicolas del Caño · first_building Siege Workshop |
| 42:35 | [Ne0] Javier Milei · resign |
| 42:37 | rudymagallol · wall_segment Stone Wall x18 |
[ AI ANALYSIS · 1 CREDIT ]
What really happened in this match?
Wolo.gg analyzes every decision: build order, eco, micro, common mistakes by bracket. Personalized analysis on WhatsApp or Discord in 30 seconds.
Civ guide
Bengalis
Perfil
Jugador #1701452